Sharks vs Oilers (R1)

Created - June 4, 2025 at 20:36

Goals
1 2 3 T
Sharks 1 2 2 5
Oilers 0 2 1 3
Shots
1 2 3 T
Sharks 11 8 7 26
Oilers 9 12 15 36

1st period

1. Sharks , Drew Doughty 4 (Max Domi 6, Ronalds Kenins 3) at 17:37 (PP)

Penalties :
Jamie McBain (Edm) for Hooking (Minor) at 16:49, Jamie McBain (Edm) for Roughing (Minor) at 17:43

2nd period

2. Sharks , Conor Sheary 2 (Max Domi 7) at 3:46 (PP)
3. Oilers , Jamie McBain 1 (Tyler Johnson 6) at 3:51
4. Sharks , Devin Shore 1 (Ben Smith 2) at 4:25
5. Oilers , Jamie McBain 2 (David Pastrnak 3, Brandon Montour 3) at 7:21 (PP)

Penalties :
Connor McDavid (Edm) for Roughing (Minor) at 0:45, Tyler Johnson (Edm) for High sticking (Minor) at 3:40, Ben Smith (S.J) for Tripping (Minor) at 6:44, Nikita Kucherov (Edm) for Cross-checking (Minor) at 8:34, Andrew Mangiapane (Edm) for High sticking (Double Minor) at 15:00

3rd period

6. Sharks , Conor Sheary 3 (Ronalds Kenins 4, Max Domi 8) at 0:14
7. Oilers , Brandon Montour 2 (Jamie McBain 2, Connor McDavid 7) at 5:29 (PP)
8. Sharks , Max Domi 4 (Brandon Carlo 5) at 17:29

Penalties :
Devin Shore (S.J) for Tripping (Minor) at 5:18, Charlie McAvoy (S.J) for Tripping (Minor) at 8:10, Greg Stewart (S.J) for Hooking (Minor) at 8:53

Goalie Stats

Philipp Grubauer (S.J), 33 saves from 36 shots - (0.917), W, 3-3-0, 60:00 minutes
Jaroslav Halak (Edm), 21 saves from 26 shots - (0.808), L, 1-1-0, 60:00 minutes

Players Stats for Sharks

Player Name              G  A  P  +/- PIM S  H  SB GA TA FO     MP     PP MP  PK MP  
------------------------------------------------------------------------------------
Alex Killorn             0  0  0   0  0   0  1  1  0  0  0/0     8:42   0:16   0:34 
Andreas Martinsen        0  0  0   0  0   1  2  0  0  0  1/1    10:37   0:00   0:00 
Ben Smith                0  1  1   1  2   3  1  0  0  1  1/1    17:10   4:58   0:00 
Brandon Carlo            0  1  1   2  0   1  2  2  0  0  0/0    28:46   6:00   2:17 
Brendan Gaunce           0  0  0   0  0   0  1  1  0  1  0/2     8:55   0:12   0:59 
Charlie McAvoy           0  0  0   0  2   0  0  2  0  0  0/0    15:29   0:00   0:09 
Connor Murphy            0  0  0   0  0   1  0  1  0  0  0/0     9:45   0:00   0:00 
Conor Sheary             2  0  2   1  0   5  1  1  2  1  1/2    20:34   5:36   0:00 
Devin Shore              1  0  1   1  2   2  1  0  0  0  5/17   19:18   4:58   2:08 
Drew Doughty             1  0  1   2  0   2  1  1  0  2  0/0    28:46   6:00   2:17 
Greg Stewart             0  0  0   1  2   1  0  1  1  0  0/1    18:49   4:58   1:30 
MacKenzie Weegar         0  0  0   0  0   1  0  1  0  1  0/0    21:29   4:50   1:13 
Markus Nutivaara         0  0  0   0  0   0  0  0  0  1  0/0    15:53   4:50   1:13 
Max Domi                 1  3  4   1  0   3  2  1  1  0  14/34  20:50   5:40   0:04 
Nail Yakupov             0  0  0   0  0   2  0  0  1  1  0/0     8:00   0:16   0:00 
Oscar Sundqvist          0  0  0   0  0   3  2  0  0  0  2/7    10:56   0:00   0:19 
Ronalds Kenins           0  2  2   1  0   1  3  1  0  0  0/0    20:34   5:36   0:00 
Vince Hinostroza         0  0  0   0  0   0  1  1  0  0  0/1    10:37   0:00   0:00 

Players Stats for Oilers

Player Name              G  A  P  +/- PIM S  H  SB GA TA FO     MP     PP MP  PK MP  
------------------------------------------------------------------------------------
Andrew Mangiapane        0  0  0  -1  4   1  1  0  0  0  0/0    12:10   0:00   0:00 
Anton Slepyshev          0  0  0  -1  0   2  2  0  0  0  1/2    13:24   0:00   1:43 
Brandon Montour          1  1  2  -2  0   4  1  4  0  1  0/0    27:11   2:03   5:36 
Brent Burns              0  0  0   0  0   0  1  1  0  0  0/0    11:07   0:00   1:02 
Brett Lernout            0  0  0   0  0   0  1  0  1  1  0/0    10:10   0:00   0:05 
Christian Fischer        0  0  0   0  0   2  0  0  1  0  0/0     6:43   0:00   0:00 
Connor McDavid           0  1  1  -2  2   3  1  0  0  0  15/26  21:21   2:00   4:48 
David Pastrnak           0  1  1   1  0   3  0  1  0  0  1/1    12:49   1:30   0:00 
Frederik Gauthier        0  0  0  -1  0   4  0  0  1  0  11/15  14:40   0:00   2:25 
Jamie Benn               0  0  0   1  0   2  2  1  1  0  1/1    17:22   1:30   3:10 
Jamie McBain             2  1  3  -2  4   5  0  2  1  1  0/0    25:50   2:03   4:06 
Jason Robertson          0  0  0   0  0   0  2  0  0  0  0/0     6:43   0:00   0:00 
Leon Draisaitl           0  0  0  -2  0   2  1  0  1  0  1/1    22:31   2:00   5:57 
Marco Scandella          0  0  0   0  0   0  2  0  0  0  0/0    22:39   1:27   5:09 
Marcus Pettersson        0  0  0   0  0   2  0  1  1  1  0/0    23:12   1:27   5:42 
Nikita Kucherov          0  0  0  -2  2   0  1  0  1  1  0/1    16:41   2:00   0:00 
Noel Acciari             0  0  0   0  0   5  0  0  0  0  1/1     7:10   0:00   0:27 
Tyler Johnson            0  1  1   1  2   1  0  1  0  0  11/18  17:21   1:30   3:10 

3 Stars

1 - Max Domi (S.J)
2 - Conor Sheary (S.J)
3 - Drew Doughty (S.J)

Power Play

Sharks - 2 on 7 Attempt(s) - 28.57%
Oilers - 2 on 4 Attempt(s) - 50.00%

Penalty Kill

Sharks - 2 on 4 Attempt(s) - 50.00% - Score 0 goal in Penalty Kill
Oilers - 5 on 7 Attempt(s) - 71.43% - Score 0 goal in Penalty Kill

Team Stat

Sharks - Hits : 18 - Faceoff Wins : 24 - Blocked Shots : 14 - Penalty Minutes : 8
Oilers - Hits : 15 - Faceoff Wins : 42 - Blocked Shots : 11 - Penalty Minutes : 14

Official

Referees : Dan O'Rourke and Jon McIsaac
Linesman : Brian Mach and Kory Nagy

Game Notes

17:37 of 1st period - Sharks goal is going for a video replay. After video review, Goal.

Finance

Level 1 -- Attendance: 6000 (100.00%) -- Ticket Income $600,000
Level 2 -- Attendance: 5000 (100.00%) -- Ticket Income $350,000
Level 3 -- Attendance: 2000 (100.00%) -- Ticket Income $80,000
Level 4 -- Attendance: 4000 (100.00%) -- Ticket Income $120,000
Luxury Box -- Attendance: 1000 (100.00%) -- Ticket Income $200,000
Game was played at the Rodgers Place.
Total Attendance: 18000 (100.00%)
Total Ticket Income: $1,350,000
Other Income: $202,500
Total Income: $1,552,500

Sharks

5 vs 5 Forward 
   Center                   Left Wing                Right Wing               Time % Phy DF OF 
 1 Max Domi                 Ronalds Kenins           Conor Sheary             40     0   2  3  
 2 Devin Shore              Greg Stewart             Ben Smith                30     0   2  3  
 3 Oscar Sundqvist          Andreas Martinsen        Vince Hinostroza         20     1   2  2  
 4 Brendan Gaunce           Alex Killorn             Nail Yakupov             10     1   3  1  

5 vs 5 Defense 
   Defense                  Defense                                           Time % Phy DF OF 
 1 Brandon Carlo            Drew Doughty                                      40     1   2  2  
 2 Charlie McAvoy           MacKenzie Weegar                                  30     1   2  2  
 3 Markus Nutivaara         Connor Murphy                                     20     1   3  1  
 4 Drew Doughty             Brandon Carlo                                     10     1   3  1  

PowerPlay Forward 
   Center                   Left Wing                Right Wing               Time % Phy DF OF 
 1 Max Domi                 Ronalds Kenins           Conor Sheary             60     1   1  3  
 2 Devin Shore              Greg Stewart             Ben Smith                40     1   1  3  

PowerPlay Defense
   Defense                  Defense                                           Time % Phy DF OF 
 1 Brandon Carlo            Drew Doughty                                      60     0   2  3  
 2 MacKenzie Weegar         Markus Nutivaara                                  40     0   2  3  

Penalty Kill 4 Players Forward 
   Center                   Wing                     Time % Phy DF OF 
 1 Devin Shore              Greg Stewart             60     1   4  0  
 2 Oscar Sundqvist          Ronalds Kenins           40     1   4  0  

Penalty Kill 4 Players Defense
   Defense                  Defense                  Time % Phy DF OF 
 1 Brandon Carlo            Drew Doughty             60     0   5  0  
 2 Markus Nutivaara         MacKenzie Weegar         40     0   5  0  

Penalty Kill - 3 Players Forward 
   Forward                                           Time % Phy DF OF 
 1 Devin Shore                                       60     1   4  0  
 2 Oscar Sundqvist                                   40     1   4  0  

Penalty Kill - 3 Players Defense
   Defense                  Defense                  Time % Phy DF OF 
 1 Brandon Carlo            Drew Doughty             60     0   5  0  
 2 MacKenzie Weegar         Markus Nutivaara         40     0   5  0  

4 vs 4 Forward 
   Center                   Wing                     Time % Phy DF OF 
 1 Max Domi                 Ronalds Kenins           60     1   2  2  
 2 Devin Shore              Greg Stewart             40     1   2  2  

4 vs 4 Defense
   Defense                  Defense                  Time % Phy DF OF 
 1 Brandon Carlo            Drew Doughty             60     1   2  2  
 2 Charlie McAvoy           MacKenzie Weegar         40     1   2  2  

Last Minutes Offensive
   Center                   Left Wing                Right Wing               Defense                  Defense                  
   Max Domi                 Greg Stewart             Ben Smith                Brandon Carlo            Drew Doughty             

Last Minutes Defensive
   Center                   Left Wing                Right Wing               Defense                  Defense                  
   Max Domi                 Greg Stewart             Ben Smith                Brandon Carlo            Drew Doughty             

Goaltenders
Starting : Philipp Grubauer         
Backup : Malcolm Subban           

Extra Forwards
Normal : Ben Smith, Devin Shore, Ronalds Kenins - PP : Conor Sheary, Devin Shore - PK : Greg Stewart
Extra Defensemen
Normal : MacKenzie Weegar, Markus Nutivaara, Connor Murphy - PP : Markus Nutivaara - PK : Charlie McAvoy, Markus Nutivaara
Penalty Shots
Ben Smith, Max Domi, Conor Sheary, Greg Stewart, Vince Hinostroza
Custom OT Lines Forwards
Ben Smith, Max Domi, Conor Sheary, Greg Stewart, Nail Yakupov, Devin Shore, Ronalds Kenins, Oscar Sundqvist, Andreas Martinsen, Vince Hinostroza
Custom OT Lines Defensemen
Brandon Carlo, Drew Doughty, Charlie McAvoy, MacKenzie Weegar, Markus Nutivaara

Scratches
Boone Jenner (Sports Hernia Injury), Michael Kostka (Healthy), Mike Lundin (Healthy), Joni Ortio (Healthy)

Oilers

5 vs 5 Forward 
   Center                   Left Wing                Right Wing               Time % Phy DF OF 
 1 Connor McDavid           Leon Draisaitl           Nikita Kucherov          35     1   2  2  
 2 Tyler Johnson            Jamie Benn               David Pastrnak           30     1   2  2  
 3 Frederik Gauthier        Anton Slepyshev          Andrew Mangiapane        25     1   2  2  
 4 Noel Acciari             Jason Robertson          Christian Fischer        10     1   2  2  

5 vs 5 Defense 
   Defense                  Defense                                           Time % Phy DF OF 
 1 Jamie McBain             Brandon Montour                                   40     1   2  2  
 2 Marco Scandella          Marcus Pettersson                                 30     1   2  2  
 3 Brent Burns              Brett Lernout                                     20     1   2  2  
 4 Jamie McBain             Brandon Montour                                   10     1   2  2  

PowerPlay Forward 
   Center                   Left Wing                Right Wing               Time % Phy DF OF 
 1 Connor McDavid           Leon Draisaitl           Nikita Kucherov          60     1   2  2  
 2 Tyler Johnson            Jamie Benn               David Pastrnak           40     1   2  2  

PowerPlay Defense
   Defense                  Defense                                           Time % Phy DF OF 
 1 Jamie McBain             Brandon Montour                                   60     1   2  2  
 2 Marco Scandella          Marcus Pettersson                                 40     1   2  2  

Penalty Kill 4 Players Forward 
   Center                   Wing                     Time % Phy DF OF 
 1 Connor McDavid           Leon Draisaitl           60     1   4  0  
 2 Tyler Johnson            Jamie Benn               40     1   4  0  

Penalty Kill 4 Players Defense
   Defense                  Defense                  Time % Phy DF OF 
 1 Jamie McBain             Brandon Montour          60     0   5  0  
 2 Marco Scandella          Marcus Pettersson        40     0   5  0  

Penalty Kill - 3 Players Forward 
   Forward                                           Time % Phy DF OF 
 1 Connor McDavid                                    60     0   5  0  
 2 Tyler Johnson                                     40     0   5  0  

Penalty Kill - 3 Players Defense
   Defense                  Defense                  Time % Phy DF OF 
 1 Jamie McBain             Brandon Montour          60     0   5  0  
 2 Marco Scandella          Marcus Pettersson        40     0   5  0  

4 vs 4 Forward 
   Center                   Wing                     Time % Phy DF OF 
 1 Connor McDavid           Leon Draisaitl           60     1   2  2  
 2 Tyler Johnson            Jamie Benn               40     1   2  2  

4 vs 4 Defense
   Defense                  Defense                  Time % Phy DF OF 
 1 Jamie McBain             Brandon Montour          60     1   2  2  
 2 Marco Scandella          Marcus Pettersson        40     1   2  2  

Last Minutes Offensive
   Center                   Left Wing                Right Wing               Defense                  Defense                  
   Connor McDavid           Leon Draisaitl           Nikita Kucherov          Jamie McBain             Brandon Montour          

Last Minutes Defensive
   Center                   Left Wing                Right Wing               Defense                  Defense                  
   Connor McDavid           Leon Draisaitl           Nikita Kucherov          Jamie McBain             Brandon Montour          

Goaltenders
Starting : Jaroslav Halak           
Backup : Alexandar Georgiev       

Extra Forwards
Normal : Leon Draisaitl, Frederik Gauthier, Jamie Benn - PP : Leon Draisaitl, Frederik Gauthier - PK : Leon Draisaitl
Extra Defensemen
Normal : Marcus Pettersson, Brent Burns, Brett Lernout - PP : Marcus Pettersson - PK : Marcus Pettersson, Brent Burns
Penalty Shots
Connor McDavid, Nikita Kucherov, David Pastrnak, Tyler Johnson, Leon Draisaitl
Custom OT Lines Forwards
Connor McDavid, Nikita Kucherov, David Pastrnak, Tyler Johnson, Leon Draisaitl, Frederik Gauthier, Jamie Benn, Noel Acciari, Anton Slepyshev, Andrew Mangiapane
Custom OT Lines Defensemen
Jamie McBain, Brandon Montour, Marco Scandella, Marcus Pettersson, Brent Burns

Scratches
Philippe Myers (Healthy)

% Time on Ice - Sharks

Lines # - Real PCT - Wanted PCT - Time Play
Normal Forward
1 - 33% - 40% - 15:06
2 - 27% - 30% - 12:13
3 - 23% - 20% - 10:37
4 - 17% - 10% - 7:44
Normal Defense
1 - 42% - 40% - 19:08
2 - 35% - 30% - 15:48
3 - 21% - 20% - 9:23
4 - 3% - 10% - 1:21
PP Forward
1 - 54% - 60% - 5:52
2 - 46% - 40% - 4:58
PP Defense
1 - 55% - 60% - 6:00
2 - 45% - 40% - 4:50
PK Forward
1 - 100% - 60% - 2:14
2 - 0% - 40% - 0:00
PK Defense
1 - 80% - 60% - 1:47
2 - 20% - 40% - 0:27
PK3 Forward
1 - 75% - 60% - 0:57
2 - 25% - 40% - 0:19
PK3 Defense
1 - 39% - 60% - 0:30
2 - 61% - 40% - 0:46
44 Forward
1 - 0% - 60%
2 - 0% - 40%
44 Defense
1 - 0% - 60%
2 - 0% - 40%
Last Minute Offensive  - 0:00
Last Minute Defensive  - 0:00
Total
Forward - 60:00
Defense - 60:00

% Time on Ice - Oilers

Lines # - Real PCT - Wanted PCT - Time Play
Normal Forward
1 - 32% - 35% - 14:34
2 - 28% - 30% - 12:42
3 - 26% - 25% - 11:41
4 - 15% - 10% - 6:43
Normal Defense
1 - 40% - 40% - 18:20
2 - 35% - 30% - 16:03
3 - 21% - 20% - 9:48
4 - 3% - 10% - 1:29
PP Forward
1 - 57% - 60% - 2:00
2 - 43% - 40% - 1:30
PP Defense
1 - 59% - 60% - 2:03
2 - 41% - 40% - 1:27
PK Forward
1 - 71% - 60% - 7:40
2 - 29% - 40% - 3:10
PK Defense
1 - 52% - 60% - 5:41
2 - 48% - 40% - 5:09
PK3 Forward
1 - 0% - 60%
2 - 0% - 40%
PK3 Defense
1 - 0% - 60%
2 - 0% - 40%
44 Forward
1 - 0% - 60%
2 - 0% - 40%
44 Defense
1 - 0% - 60%
2 - 0% - 40%
Last Minute Offensive  - 0:00
Last Minute Defensive  - 0:00
Total
Forward - 60:00
Defense - 60:00

Play-by-Play

1st period


0:01 of 1st period - Conor Sheary wins face-off versus Nikita Kucherov in neutral zone.
0:06 of 1st period - Snap shot by Conor Sheary.
0:06 of 1st period - Stopped by Jaroslav Halak without a rebound.
0:07 of 1st period - Connor McDavid wins face-off versus Max Domi in Oilers zone.
0:51 of 1st period - Off-side.
0:52 of 1st period - Tyler Johnson wins face-off versus Devin Shore in neutral zone.
1:16 of 1st period - Icing by Charlie McAvoy.
1:17 of 1st period - Frederik Gauthier wins face-off versus Oscar Sundqvist in Sharks zone.
1:26 of 1st period - Wrist shot by Frederik Gauthier.
1:26 of 1st period - Shot Misses the Net.
1:42 of 1st period - Markus Nutivaara is hit by Jason Robertson.
1:51 of 1st period - Brandon Carlo is hit by Jason Robertson and loses puck.
1:58 of 1st period - Brett Lernout is hit by Drew Doughty and loses puck.
3:42 of 1st period - Off-side.
3:43 of 1st period - Tyler Johnson wins face-off versus Conor Sheary in neutral zone.
3:50 of 1st period - Snap shot by David Pastrnak.
3:50 of 1st period - Stopped by Philipp Grubauer without a rebound.
3:51 of 1st period - Tyler Johnson wins face-off versus Max Domi in Sharks zone.
4:03 of 1st period - Snap shot by David Pastrnak.
4:03 of 1st period - Shot Misses the Net.
4:39 of 1st period - Slapshot by Andreas Martinsen.
4:39 of 1st period - Shot Blocked by Brent Burns.
4:41 of 1st period - Snap shot by Oscar Sundqvist.
4:41 of 1st period - Stopped by Jaroslav Halak with a rebound.
4:43 of 1st period - Slapshot by MacKenzie Weegar.
4:43 of 1st period - Deflect By Connor McDavid.
4:43 of 1st period - Stopped by Jaroslav Halak with a rebound.
5:10 of 1st period - Off-side.
5:11 of 1st period - Tyler Johnson wins face-off versus Max Domi in neutral zone.
5:14 of 1st period - Wrist shot by David Pastrnak.
5:14 of 1st period - Deflect By Tyler Johnson.
5:14 of 1st period - Shot Misses the Net.
5:14 of 1st period - Puck is out of play.
5:15 of 1st period - Jamie Benn wins face-off versus Max Domi in Sharks zone.
5:26 of 1st period - Snap shot by Tyler Johnson.
5:26 of 1st period - Stopped by Philipp Grubauer without a rebound.
5:27 of 1st period - Anton Slepyshev wins face-off versus Greg Stewart in Sharks zone.
5:34 of 1st period - Snap shot by Frederik Gauthier.
5:34 of 1st period - Shot Misses the Net.
6:20 of 1st period - Slapshot by Drew Doughty.
6:20 of 1st period - Shot Blocked by David Pastrnak.
7:10 of 1st period - Snap shot by Nail Yakupov.
7:10 of 1st period - Shot Misses the Net.
7:22 of 1st period - Andrew Mangiapane is hit by Ronalds Kenins.
7:48 of 1st period - Snap shot by Ben Smith.
7:48 of 1st period - Shot Misses the Net.
8:04 of 1st period - Snap shot by Christian Fischer.
8:04 of 1st period - Stopped by Philipp Grubauer with a rebound.
8:06 of 1st period - Wrist shot by Brandon Montour.
8:06 of 1st period - Stopped by Philipp Grubauer without a rebound.
8:07 of 1st period - Noel Acciari wins face-off versus Max Domi in Sharks zone.
8:12 of 1st period - Slapshot by Christian Fischer.
8:12 of 1st period - Stopped by Philipp Grubauer with a rebound.
8:20 of 1st period - Wrist shot by Max Domi.
8:20 of 1st period - Stopped by Jaroslav Halak with a rebound.
8:22 of 1st period - Slapshot by Connor Murphy.
8:22 of 1st period - Deflect By Brent Burns.
8:22 of 1st period - Stopped by Jaroslav Halak without a rebound.
8:23 of 1st period - Connor McDavid wins face-off versus Devin Shore in Oilers zone.
8:23 of 1st period - Connor McDavid is hit by Ben Smith.
8:55 of 1st period - Snap shot by David Pastrnak.
8:55 of 1st period - Shot Blocked by Conor Sheary.
9:20 of 1st period - Icing by Brandon Montour.
9:21 of 1st period - Frederik Gauthier wins face-off versus Devin Shore in Oilers zone.
9:21 of 1st period - Frederik Gauthier is hit by Devin Shore.
9:31 of 1st period - Snap shot by Anton Slepyshev.
9:31 of 1st period - Shot Blocked by Greg Stewart.
9:33 of 1st period - Slapshot by Jamie McBain.
9:33 of 1st period - Deflect By Andrew Mangiapane.
9:33 of 1st period - Shot Misses the Net.
9:33 of 1st period - Puck is out of play.
9:34 of 1st period - Max Domi wins face-off versus Connor McDavid in Sharks zone.
9:34 of 1st period - Max Domi is hit by Nikita Kucherov.
9:50 of 1st period - Wrist shot by Connor McDavid.
9:50 of 1st period - Shot Misses the Net.
10:51 of 1st period - Markus Nutivaara is hit by Brett Lernout and loses puck.
11:16 of 1st period - Wrist shot by Conor Sheary.
11:16 of 1st period - Stopped by Jaroslav Halak without a rebound.
11:17 of 1st period - Ben Smith wins face-off versus Tyler Johnson in Oilers zone.
11:22 of 1st period - Snap shot by Ben Smith.
11:22 of 1st period - Stopped by Jaroslav Halak with a rebound.
11:44 of 1st period - Nikita Kucherov is hit by Max Domi and loses puck.
12:05 of 1st period - Snap shot by Andreas Martinsen.
12:05 of 1st period - Stopped by Jaroslav Halak without a rebound.
12:06 of 1st period - Oscar Sundqvist wins face-off versus Frederik Gauthier in Oilers zone.
12:37 of 1st period - Wrist shot by Conor Sheary.
12:37 of 1st period - Stopped by Jaroslav Halak without a rebound.
12:38 of 1st period - Tyler Johnson wins face-off versus Max Domi in Oilers zone.
12:49 of 1st period - Snap shot by Tyler Johnson.
12:49 of 1st period - Shot Misses the Net.
12:51 of 1st period - Slapshot by Marcus Pettersson.
12:51 of 1st period - Shot Blocked by Charlie McAvoy.
13:54 of 1st period - Wrist shot by Noel Acciari.
13:54 of 1st period - Shot Misses the Net.
13:56 of 1st period - Backhand shot by Brandon Montour.
13:56 of 1st period - Shot Misses the Net.
13:58 of 1st period - Wrist shot by Noel Acciari.
13:58 of 1st period - Stopped by Philipp Grubauer with a rebound.
14:00 of 1st period - Slapshot by Jamie McBain.
14:00 of 1st period - Stopped by Philipp Grubauer with a rebound.
16:02 of 1st period - Icing by Jamie McBain.
16:03 of 1st period - Max Domi wins face-off versus Connor McDavid in Oilers zone.
16:23 of 1st period - Connor McDavid is hit by Ronalds Kenins and loses puck.
16:49 of 1st period - Minor Penalty to Jamie McBain for Hooking.
16:50 of 1st period - Devin Shore wins face-off versus Connor McDavid in Oilers zone.
16:55 of 1st period - Snap shot by Greg Stewart.
16:55 of 1st period - Deflect By Ben Smith.
16:55 of 1st period - Shot Misses the Net.
16:55 of 1st period - Puck is out of play.
16:56 of 1st period - Connor McDavid wins face-off versus Devin Shore in Oilers zone.
17:35 of 1st period - Snap shot by Max Domi.
17:35 of 1st period - Stopped by Jaroslav Halak with a rebound.
17:37 of 1st period - Slapshot by Drew Doughty.
17:37 of 1st period - Sharks goal is going for a video replay.
17:37 of 1st period - The goal is good.
17:37 of 1st period - Goal by Drew Doughty - Sharks : 1 - Oilers : 0.
17:38 of 1st period - Tyler Johnson wins face-off versus Devin Shore in neutral zone.
17:43 of 1st period - Wrist shot by David Pastrnak.
17:43 of 1st period - Stopped by Philipp Grubauer without a rebound.
17:43 of 1st period - Minor Penalty to Jamie McBain for Roughing.
17:44 of 1st period - Max Domi wins face-off versus Connor McDavid in Oilers zone.
17:55 of 1st period - Snap shot by Conor Sheary.
17:55 of 1st period - Shot Misses the Net.
17:57 of 1st period - Slapshot by Drew Doughty.
17:57 of 1st period - Shot Misses the Net.
17:59 of 1st period - Wrist shot by Brandon Carlo.
17:59 of 1st period - Shot Misses the Net.
18:01 of 1st period - Slapshot by Drew Doughty.
18:01 of 1st period - Shot Blocked by Marcus Pettersson.
19:43 of 1st period - Penalty to Jamie McBain is over, Jamie McBain is back on ice.
19:59 of 1st period - Wrist shot by Jason Robertson.
19:59 of 1st period - Deflect By Noel Acciari.
19:59 of 1st period - Stopped by Philipp Grubauer without a rebound.
Goals for this period are 1 for Sharks vs 0 for Oilers.
Shots for this period are 11 for Sharks vs 9 for Oilers.

2nd period


0:01 of 2nd period - Max Domi wins face-off versus Tyler Johnson in neutral zone.
0:04 of 2nd period - Jamie McBain is hit by Brandon Carlo and loses puck.
0:39 of 2nd period - Wrist shot by Greg Stewart.
0:39 of 2nd period - Shot Misses the Net.
0:45 of 2nd period - Minor Penalty to Connor McDavid for Roughing.
0:46 of 2nd period - Max Domi wins face-off versus Frederik Gauthier in Oilers zone.
2:12 of 2nd period - Off-side.
2:13 of 2nd period - Frederik Gauthier wins face-off versus Max Domi in neutral zone.
2:16 of 2nd period - Slapshot by Anton Slepyshev.
2:16 of 2nd period - Stopped by Philipp Grubauer without a rebound.
2:17 of 2nd period - Frederik Gauthier wins face-off versus Max Domi in Sharks zone.
2:45 of 2nd period - Penalty to Connor McDavid is over, Connor McDavid is back on ice.
3:40 of 2nd period - Minor Penalty to Tyler Johnson for High sticking.
3:41 of 2nd period - Max Domi wins face-off versus Connor McDavid in Oilers zone.
3:44 of 2nd period - Snap shot by Conor Sheary.
3:44 of 2nd period - Shot Blocked by Jamie McBain.
3:46 of 2nd period - Slapshot by Conor Sheary.
3:46 of 2nd period - Goal by Conor Sheary - Sharks : 2 - Oilers : 0.
3:47 of 2nd period - Tyler Johnson wins face-off versus Max Domi in neutral zone.
3:47 of 2nd period - Tyler Johnson is hit by Brandon Carlo.
3:51 of 2nd period - Snap shot by Jamie McBain.
3:51 of 2nd period - Goal by Jamie McBain - Sharks : 2 - Oilers : 1.
3:52 of 2nd period - Max Domi wins face-off versus Tyler Johnson in neutral zone.
4:08 of 2nd period - Snap shot by David Pastrnak.
4:08 of 2nd period - Deflect By Max Domi.
4:08 of 2nd period - Stopped by Philipp Grubauer without a rebound.
4:09 of 2nd period - Frederik Gauthier wins face-off versus Devin Shore in Sharks zone.
4:10 of 2nd period - Wrist shot by Anton Slepyshev.
4:10 of 2nd period - Shot Blocked by Brandon Carlo.
4:25 of 2nd period - Snap shot by Devin Shore.
4:25 of 2nd period - Goal by Devin Shore - Sharks : 3 - Oilers : 1.
4:26 of 2nd period - Tyler Johnson wins face-off versus Max Domi in neutral zone.
4:29 of 2nd period - Wrist shot by Jamie Benn.
4:29 of 2nd period - Shot Blocked by Drew Doughty.
5:20 of 2nd period - Snap shot by Noel Acciari.
5:20 of 2nd period - Stopped by Philipp Grubauer with a rebound.
5:26 of 2nd period - Brandon Carlo is hit by Marco Scandella and loses puck.
6:02 of 2nd period - Icing by Brett Lernout.
6:03 of 2nd period - Max Domi wins face-off versus Tyler Johnson in Oilers zone.
6:04 of 2nd period - Wrist shot by Ronalds Kenins.
6:04 of 2nd period - Deflect By Brett Lernout.
6:04 of 2nd period - Stopped by Jaroslav Halak without a rebound.
6:05 of 2nd period - Max Domi wins face-off versus Tyler Johnson in Oilers zone.
6:39 of 2nd period - Icing by Jamie Benn.
6:40 of 2nd period - Tyler Johnson wins face-off versus Devin Shore in Oilers zone.
6:44 of 2nd period - Minor Penalty to Ben Smith for Tripping.
6:45 of 2nd period - Devin Shore wins face-off versus Connor McDavid in Sharks zone.
7:19 of 2nd period - Slapshot by David Pastrnak.
7:19 of 2nd period - Shot Misses the Net.
7:21 of 2nd period - Slapshot by Jamie McBain.
7:21 of 2nd period - Goal by Jamie McBain - Sharks : 3 - Oilers : 2.
7:22 of 2nd period - Connor McDavid wins face-off versus Max Domi in neutral zone.
7:27 of 2nd period - Snap shot by Connor McDavid.
7:27 of 2nd period - Shot Blocked by Max Domi.
7:53 of 2nd period - Off-side.
7:54 of 2nd period - Frederik Gauthier wins face-off versus Devin Shore in neutral zone.
8:10 of 2nd period - Backhand shot by Devin Shore.
8:10 of 2nd period - Stopped by Jaroslav Halak without a rebound.
8:11 of 2nd period - Max Domi wins face-off versus Connor McDavid in Oilers zone.
8:24 of 2nd period - Slapshot by Max Domi.
8:24 of 2nd period - Shot Misses the Net.
8:28 of 2nd period - Snap shot by Max Domi.
8:28 of 2nd period - Shot Blocked by Brandon Montour.
8:34 of 2nd period - Minor Penalty to Nikita Kucherov for Cross-checking.
8:35 of 2nd period - Connor McDavid wins face-off versus Max Domi in Oilers zone.
8:46 of 2nd period - Slapshot by Brandon Carlo.
8:46 of 2nd period - Shot Misses the Net.
8:48 of 2nd period - Wrist shot by Drew Doughty.
8:48 of 2nd period - Stopped by Jaroslav Halak with a rebound.
8:50 of 2nd period - Slapshot by Brandon Carlo.
8:50 of 2nd period - Shot Misses the Net.
8:52 of 2nd period - Slapshot by Brandon Carlo.
8:52 of 2nd period - Stopped by Jaroslav Halak without a rebound.
8:53 of 2nd period - Connor McDavid wins face-off versus Devin Shore in Oilers zone.
10:34 of 2nd period - Penalty to Nikita Kucherov is over, Nikita Kucherov is back on ice.
11:09 of 2nd period - Nail Yakupov is hit by Jamie Benn and loses puck.
12:58 of 2nd period - Snap shot by Marcus Pettersson.
12:58 of 2nd period - Stopped by Philipp Grubauer without a rebound.
12:59 of 2nd period - Frederik Gauthier wins face-off versus Devin Shore in Sharks zone.
13:06 of 2nd period - Snap shot by Frederik Gauthier.
13:06 of 2nd period - Stopped by Philipp Grubauer with a rebound.
13:08 of 2nd period - Slapshot by Jamie McBain.
13:08 of 2nd period - Stopped by Philipp Grubauer with a rebound.
13:10 of 2nd period - Snap shot by Anton Slepyshev.
13:10 of 2nd period - Shot Blocked by MacKenzie Weegar.
13:12 of 2nd period - Slapshot by Brandon Montour.
13:12 of 2nd period - Deflect By Frederik Gauthier.
13:12 of 2nd period - Shot Misses the Net.
13:12 of 2nd period - Puck is out of play.
13:13 of 2nd period - Tyler Johnson wins face-off versus Max Domi in Sharks zone.
13:48 of 2nd period - Snap shot by Frederik Gauthier.
13:48 of 2nd period - Stopped by Philipp Grubauer with a rebound.
13:50 of 2nd period - Snap shot by Andrew Mangiapane.
13:50 of 2nd period - Shot Misses the Net.
13:52 of 2nd period - Snap shot by Andrew Mangiapane.
13:52 of 2nd period - Stopped by Philipp Grubauer without a rebound.
13:53 of 2nd period - Connor McDavid wins face-off versus Max Domi in Sharks zone.
14:00 of 2nd period - Snap shot by Connor McDavid.
14:00 of 2nd period - Stopped by Philipp Grubauer with a rebound.
14:50 of 2nd period - Snap shot by Oscar Sundqvist.
14:50 of 2nd period - Shot Misses the Net.
14:54 of 2nd period - Slapshot by Oscar Sundqvist.
14:54 of 2nd period - Stopped by Jaroslav Halak with a rebound.
15:00 of 2nd period - Double Minor Penalty to Andrew Mangiapane for High sticking.
15:01 of 2nd period - Max Domi wins face-off versus Connor McDavid in Oilers zone.
15:35 of 2nd period - Wrist shot by Greg Stewart.
15:35 of 2nd period - Stopped by Jaroslav Halak without a rebound.
15:36 of 2nd period - Connor McDavid wins face-off versus Max Domi in Oilers zone.
16:03 of 2nd period - Slapshot by Markus Nutivaara.
16:03 of 2nd period - Shot Blocked by Tyler Johnson.
16:05 of 2nd period - Slapshot by Markus Nutivaara.
16:05 of 2nd period - Shot Blocked by Jamie Benn.
16:07 of 2nd period - Wrist shot by Ben Smith.
16:07 of 2nd period - Shot Misses the Net.
16:09 of 2nd period - Wrist shot by Devin Shore.
16:09 of 2nd period - Shot Misses the Net.
17:14 of 2nd period - Leon Draisaitl is hit by Conor Sheary and loses puck.
17:46 of 2nd period - Icing by Devin Shore.
17:47 of 2nd period - Devin Shore wins face-off versus Frederik Gauthier in Sharks zone.
19:00 of 2nd period - Penalty to Andrew Mangiapane is over, Andrew Mangiapane is back on ice.
19:35 of 2nd period - Wrist shot by Christian Fischer.
19:35 of 2nd period - Shot Misses the Net.
19:41 of 2nd period - Wrist shot by Noel Acciari.
19:41 of 2nd period - Stopped by Philipp Grubauer with a rebound.
19:43 of 2nd period - Snap shot by Christian Fischer.
19:43 of 2nd period - Shot Blocked by Charlie McAvoy.
19:45 of 2nd period - Wrist shot by Jason Robertson.
19:45 of 2nd period - Shot Blocked by Brendan Gaunce.
19:47 of 2nd period - Slapshot by Marco Scandella.
19:47 of 2nd period - Shot Blocked by Connor Murphy.
Goals for this period are 2 for Sharks vs 2 for Oilers.
Shots for this period are 8 for Sharks vs 12 for Oilers.

3rd period


0:01 of 3rd period - Max Domi wins face-off versus Connor McDavid in neutral zone.
0:14 of 3rd period - Slapshot by Conor Sheary.
0:14 of 3rd period - Goal by Conor Sheary - Sharks : 4 - Oilers : 2.
0:15 of 3rd period - Connor McDavid wins face-off versus Max Domi in neutral zone.
0:30 of 3rd period - Slapshot by Leon Draisaitl.
0:30 of 3rd period - Shot Blocked by Ronalds Kenins.
0:42 of 3rd period - Drew Doughty is hit by Jamie Benn and loses puck.
1:03 of 3rd period - Marcus Pettersson is hit by Andreas Martinsen.
1:09 of 3rd period - Oscar Sundqvist is hit by Anton Slepyshev and loses puck.
1:50 of 3rd period - Snap shot by Connor McDavid.
1:50 of 3rd period - Stopped by Philipp Grubauer without a rebound.
1:51 of 3rd period - Max Domi wins face-off versus Connor McDavid in Sharks zone.
1:58 of 3rd period - Ronalds Kenins is hit by Brandon Montour and loses puck.
3:15 of 3rd period - Marcus Pettersson is hit by Alex Killorn and loses puck.
3:26 of 3rd period - Nikita Kucherov is hit by Ronalds Kenins and loses puck.
3:51 of 3rd period - Slapshot by Marcus Pettersson.
3:51 of 3rd period - Stopped by Philipp Grubauer without a rebound.
3:52 of 3rd period - Devin Shore wins face-off versus Tyler Johnson in Sharks zone.
4:01 of 3rd period - Snap shot by Greg Stewart.
4:01 of 3rd period - Shot Blocked by Brandon Montour.
4:03 of 3rd period - Wrist shot by Connor Murphy.
4:03 of 3rd period - Shot Misses the Net.
4:44 of 3rd period - Oscar Sundqvist is hit by Brent Burns and loses puck.
5:13 of 3rd period - Slapshot by Ben Smith.
5:13 of 3rd period - Stopped by Jaroslav Halak with a rebound.
5:18 of 3rd period - Minor Penalty to Devin Shore for Tripping.
5:19 of 3rd period - Connor McDavid wins face-off versus Brendan Gaunce in Sharks zone.
5:21 of 3rd period - Wrist shot by Leon Draisaitl.
5:21 of 3rd period - Stopped by Philipp Grubauer with a rebound.
5:23 of 3rd period - Snap shot by Brandon Montour.
5:23 of 3rd period - Stopped by Philipp Grubauer with a rebound.
5:25 of 3rd period - Snap shot by Connor McDavid.
5:25 of 3rd period - Shot Blocked by Brandon Carlo.
5:27 of 3rd period - Slapshot by Jamie McBain.
5:27 of 3rd period - Stopped by Philipp Grubauer with a rebound.
5:29 of 3rd period - Slapshot by Brandon Montour.
5:29 of 3rd period - Deflect By Greg Stewart.
5:29 of 3rd period - Goal by Brandon Montour - Sharks : 4 - Oilers : 3.
5:30 of 3rd period - Connor McDavid wins face-off versus Max Domi in neutral zone.
5:33 of 3rd period - Conor Sheary is hit by Leon Draisaitl and loses puck.
6:01 of 3rd period - Slapshot by Charlie McAvoy.
6:01 of 3rd period - Shot Blocked by Brandon Montour.
8:10 of 3rd period - Minor Penalty to Charlie McAvoy for Tripping.
8:11 of 3rd period - Leon Draisaitl wins face-off versus Devin Shore in Sharks zone.
8:27 of 3rd period - Wrist shot by Nikita Kucherov.
8:27 of 3rd period - Shot Misses the Net.
8:53 of 3rd period - Minor Penalty to Greg Stewart for Hooking.
8:54 of 3rd period - Connor McDavid wins face-off versus Devin Shore in Sharks zone.
9:21 of 3rd period - Marco Scandella is hit by Oscar Sundqvist and loses puck.
10:10 of 3rd period - Penalty to Charlie McAvoy is over, Charlie McAvoy is back on ice.
10:53 of 3rd period - Penalty to Greg Stewart is over, Greg Stewart is back on ice.
11:06 of 3rd period - Slapshot by Brandon Carlo.
11:06 of 3rd period - Deflect By Oscar Sundqvist.
11:06 of 3rd period - Shot Blocked by Brandon Montour.
11:06 of 3rd period - Puck is out of play.
11:07 of 3rd period - Frederik Gauthier wins face-off versus Oscar Sundqvist in Oilers zone.
11:22 of 3rd period - Backhand shot by Andreas Martinsen.
11:22 of 3rd period - Deflect By Oscar Sundqvist.
11:22 of 3rd period - Shot Misses the Net.
11:22 of 3rd period - Puck is out of play.
11:23 of 3rd period - David Pastrnak wins face-off versus Max Domi in Oilers zone.
11:23 of 3rd period - David Pastrnak is hit by Max Domi.
11:31 of 3rd period - Wrist shot by Jamie Benn.
11:31 of 3rd period - Stopped by Philipp Grubauer with a rebound.
11:50 of 3rd period - Icing by Leon Draisaitl.
11:51 of 3rd period - Devin Shore wins face-off versus Connor McDavid in Oilers zone.
11:52 of 3rd period - Wrist shot by Ben Smith.
11:52 of 3rd period - Stopped by Jaroslav Halak with a rebound.
12:54 of 3rd period - Wrist shot by Connor McDavid.
12:54 of 3rd period - Stopped by Philipp Grubauer without a rebound.
12:55 of 3rd period - Max Domi wins face-off versus Tyler Johnson in Sharks zone.
13:00 of 3rd period - Backhand shot by Brandon Carlo.
13:00 of 3rd period - Shot Misses the Net.
13:22 of 3rd period - Anton Slepyshev is hit by Oscar Sundqvist and loses puck.
13:29 of 3rd period - Slapshot by Brandon Montour.
13:29 of 3rd period - Stopped by Philipp Grubauer with a rebound.
13:31 of 3rd period - Slapshot by Brett Lernout.
13:31 of 3rd period - Deflect By Frederik Gauthier.
13:31 of 3rd period - Stopped by Philipp Grubauer with a rebound.
13:33 of 3rd period - Snap shot by Frederik Gauthier.
13:33 of 3rd period - Shot Misses the Net.
13:45 of 3rd period - Snap shot by Brendan Gaunce.
13:45 of 3rd period - Shot Misses the Net.
13:47 of 3rd period - Wrist shot by Brendan Gaunce.
13:47 of 3rd period - Deflect By Nail Yakupov.
13:47 of 3rd period - Stopped by Jaroslav Halak without a rebound.
13:48 of 3rd period - Tyler Johnson wins face-off versus Brendan Gaunce in Oilers zone.
13:48 of 3rd period - Tyler Johnson is hit by Brendan Gaunce.
14:21 of 3rd period - Slapshot by MacKenzie Weegar.
14:21 of 3rd period - Shot Blocked by Jamie McBain.
15:06 of 3rd period - Snap shot by Nail Yakupov.
15:06 of 3rd period - Shot Misses the Net.
15:08 of 3rd period - Slapshot by Charlie McAvoy.
15:08 of 3rd period - Shot Misses the Net.
15:10 of 3rd period - Snap shot by Nail Yakupov.
15:10 of 3rd period - Stopped by Jaroslav Halak without a rebound.
15:11 of 3rd period - Connor McDavid wins face-off versus Oscar Sundqvist in Oilers zone.
15:11 of 3rd period - Connor McDavid is hit by Andreas Martinsen.
15:17 of 3rd period - Wrist shot by Leon Draisaitl.
15:17 of 3rd period - Deflect By Nikita Kucherov.
15:17 of 3rd period - Shot Blocked by Vince Hinostroza.
15:17 of 3rd period - Puck is out of play.
15:18 of 3rd period - Andreas Martinsen wins face-off versus Frederik Gauthier in Sharks zone.
15:56 of 3rd period - Icing by Connor McDavid.
15:57 of 3rd period - Connor McDavid wins face-off versus Max Domi in Oilers zone.
16:08 of 3rd period - Ronalds Kenins is hit by Marco Scandella and loses puck.
17:17 of 3rd period - Wrist shot by Noel Acciari.
17:17 of 3rd period - Deflect By Nail Yakupov.
17:17 of 3rd period - Stopped by Philipp Grubauer with a rebound.
17:19 of 3rd period - Snap shot by Christian Fischer.
17:19 of 3rd period - Shot Blocked by Alex Killorn.
17:29 of 3rd period - Slapshot by Max Domi.
17:29 of 3rd period - Goal by Max Domi - Sharks : 5 - Oilers : 3.
17:30 of 3rd period - Oscar Sundqvist wins face-off versus Anton Slepyshev in neutral zone.
17:55 of 3rd period - Max Domi is hit by Connor McDavid and loses puck.
18:27 of 3rd period - Wrist shot by Jamie Benn.
18:27 of 3rd period - Stopped by Philipp Grubauer without a rebound.
18:28 of 3rd period - Frederik Gauthier wins face-off versus Oscar Sundqvist in Sharks zone.
18:33 of 3rd period - Wrist shot by Frederik Gauthier.
18:33 of 3rd period - Stopped by Philipp Grubauer without a rebound.
18:34 of 3rd period - Frederik Gauthier wins face-off versus Vince Hinostroza in Sharks zone.
18:35 of 3rd period - Slapshot by Anton Slepyshev.
18:35 of 3rd period - Stopped by Philipp Grubauer with a rebound.
18:50 of 3rd period - Off-side.
18:51 of 3rd period - Connor McDavid wins face-off versus Max Domi in neutral zone.
18:58 of 3rd period - Snap shot by Nikita Kucherov.
18:58 of 3rd period - Deflect By Leon Draisaitl.
18:58 of 3rd period - Stopped by Philipp Grubauer with a rebound.
19:08 of 3rd period - Slapshot by Brandon Carlo.
19:08 of 3rd period - Shot Misses the Net.
19:18 of 3rd period - Andreas Martinsen is hit by Andrew Mangiapane.
19:24 of 3rd period - Slapshot by Oscar Sundqvist.
19:24 of 3rd period - Stopped by Jaroslav Halak without a rebound.
19:25 of 3rd period - Frederik Gauthier wins face-off versus Oscar Sundqvist in Oilers zone.
19:30 of 3rd period - Oscar Sundqvist is hit by Anton Slepyshev and loses puck.
19:37 of 3rd period - Frederik Gauthier is hit by Vince Hinostroza and loses puck.
Goals for this period are 2 for Sharks vs 1 for Oilers.
Shots for this period are 7 for Sharks vs 15 for Oilers.